 Dungeon Crawl Stone Soup version 0.29.1 (webtiles) character file.

Game seed: 10458003323285492566

166 qw the Chopper (level 5, -1/32 HPs)
             Began as a Gargoyle Fighter on Sept 13, 2022.
             Slain by an orc wizard
             ... wielding a +0 dagger
              (3 damage)
             ... on level 3 of the Dungeon.
             The game lasted 00:00:57 (2173 turns).

qw the Chopper (Gargoyle Fighter)                   Turns: 2173, Time: 00:00:58

Health: -1/32      AC: 12    Str: 22    XL:     5   Next: 47%
Magic:  5/5        EV:  9    Int:  8    God:
Gold:   200        SH:  4    Dex:  9    Spells: 4/4 levels left

rFire   . . .      SeeInvis .   Y - +1 war axe
rCold   . . .      Faith    .   c - +0 buckler
rNeg    + . .      Spirit   .   b - +0 scale mail
rPois   inf        Reflect  .   i - +0 helmet
rElec   +          Harm     .   (no cloak)
rCorr   +          Rampage  .   (no gloves)
Will    .....                   (no boots)
Stlth   ..........              (no amulet)
HPRegen 0.10/turn               h - ring of resist corrosion
MPRegen 0.09/turn               (no ring)

@: no status effects
A: sickness immunity, AC +4, negative energy resistance 1, electricity
resistance, torment resistance 1, petrification resistance
a: no special abilities


You were on level 3 of the Dungeon.
You visited 1 branch of the dungeon, and saw 3 of its levels.

You collected 200 gold pieces.


Innate Abilities, Weirdness & Mutations

You are immune to sickness and miasma.
Your stone body is resilient. (AC +4)
You are immune to poison.
You resist negative energy. (rN+)
You are resistant to electric shocks. (rElec)
You are resistant to unholy torment.
You are immune to petrification.


   Skills:
 + Level 3.2 Fighting
 - Level 5.0 Axes
 - Level 3.2 Armour
 - Level 3.2 Shields


You had 4 spell levels left.
You didn't know any spells.
Your spell library was empty.

Inventory:

Hand Weapons
 e - a +0 flail
 Y - a +1 war axe (weapon)
Armour
 b - a +0 scale mail (worn)
 c - a +0 buckler (worn)
 i - a +0 helmet (worn)
 l - a +0 cloak
Jewellery
 h - a ring of resist corrosion (left hand)
 o - a ring of protection from fire
Scrolls
 g - a scroll of vulnerability {unknown}
 m - 3 scrolls of identify {unknown}
Potions
 a - a potion of lignification {unknown}
 d - a potion of might
 f - 2 potions of curing {unknown}
 j - a potion of flight {unknown}
 k - a potion of cancellation {unknown}
 n - a potion of haste {unknown}

Dungeon Overview and Level Annotations

Branches:
Dungeon (3/15)

Altars:

Shops:
D:1 [[:

Annotations:
D:3 2 transporters, qw's ghost, weakling GrFi


Message History

You start resting.
Something hits you but does no damage.
You're too confused to attack without stumbling around!
There is a strange disturbance nearby!
Something hits you but does no damage.
You're too confused to attack without stumbling around!
There is a strange disturbance nearby!
You hear some strange, mumbled words.
A puff of flame appears from out of thin air!
The puff of flame hits you.
You're too confused to attack without stumbling around!
There is a strange disturbance nearby!
Something hits you but does no damage.
You're too confused to attack without stumbling around!
There is a strange disturbance nearby!
Something completely misses you.
You're too confused to attack without stumbling around!
There is a strange disturbance nearby!
Something hits you but does no damage.
You're too confused to attack without stumbling around!
There is a strange disturbance nearby!
Something hits you but does no damage.
You're too confused to attack without stumbling around!
There is a strange disturbance nearby!
Something hits you but does no damage.
You're too confused to attack without stumbling around!
There is a strange disturbance nearby!
You feel less confused. Something hits you but does no damage.
You hit something.
Something hits you but does no damage. x2
You miss something. Something hits you but does no damage.
You slash something! Something hits you but does no damage.
You closely miss something. Something hits you.
Something hits you but does no damage.
You closely miss something. Something hits you.
You die...

##...## #
###..##### #
##.....# #
#####.####### #
#.......####
#######.....
##...##
#.##########
#..###.
#....{@$...## #.##
)#
#.########.[#####.#
... ##.......##.#.
#######..#...
##.#..# #.#...
#.##.. #..##W
#####..##


There were no monsters in sight!

Vanquished Creatures
  An orc priest (D:3)
  An orc wizard (D:2)
  3 gnolls (D:2)
  A worm (D:3)
  A dart slug (D:1)
  5 orcs
  6 ball pythons
  5 endoplasms
  3 giant cockroaches
  4 goblins
  4 hobgoblins
  7 jackals
  3 kobolds
  A quokka (D:2)
  5 bats
  A frilled lizard (D:1)
  5 rats
56 creatures vanquished.

Vanquished Creatures (others)
  An orc wizard (D:3)
  A fungus (D:2)
  A plant (D:2)
3 creatures vanquished.

Grand Total: 59 creatures vanquished

Notes
Turn   | Place    | Note
-------+----------+-------------------------------------------
     0 | D:1      | qw the Gargoyle Fighter began the quest for the Orb.
     0 | D:1      | Reached XP level 1. HP: 14/14 MP: 1/1
     0 | D:1      | 0 ||| qw: Version: 0.1-a-119-g272c26d
     0 | D:1      | 0 ||| qw: Game counter: 11150
     0 | D:1      | 0 ||| qw: Always use a shield: true
     0 | D:1      | 0 ||| qw: God list: Okawaru
     0 | D:1      | 0 ||| qw: Allow faded altars: false
     0 | D:1      | 0 ||| qw: Do Orc after D:15 true
     0 | D:1      | 0 ||| qw: Do second Lair branch before Depths: true
     0 | D:1      | 0 ||| qw: Lair rune preference: random
     0 | D:1      | 0 ||| qw: Plans: Normal, Zot, God:TSO, Crypt, Tomb, Pan,
                  | Slime, Hells, Zig, Abyss, Orb
     0 | D:1      | 0 ||| PLANNING D:1-11
   158 | D:1      | Reached skill level 2 in Axes
   161 | D:1      | Found Urchefonn's Armour Boutique.
   169 | D:1      | 169 ||| SHOPLISTING +0 plate armour (299 gold, have 13).
   169 | D:1      | 169 ||| SHOPLISTING +3 chain mail of cold resistance (344
                  | gold, have 13).
   207 | D:1      | Found Wiloymom's Antique Armour Emporium.
   215 | D:1      | 215 ||| SHOPLISTING glowing chain mail (150 gold, have 13).
   215 | D:1      | 215 ||| SHOPLISTING helmet (90 gold, have 13).
   215 | D:1      | 215 ||| SHOPLISTING shiny orb (240 gold, have 13).
   247 | D:1      | Reached XP level 2. HP: 19/19 MP: 2/2
   298 | D:1      | 298 ||| Stepping ~*~*~tactically~*~*~ (stealth).
   561 | D:1      | Found Ciuzit's Book Shop.
   603 | D:1      | Reached skill level 3 in Axes
   660 | D:1      | Reached XP level 3. HP: 23/23 MP: 3/3
   686 | D:1      | 686 ||| DROPPING +0 club.
   748 | D:1      | 748 ||| UPGRADING to ring of resist corrosion.
   749 | D:1      | 749 ||| READING scroll labelled SIAFIQ JEUSEMN.
   750 | D:1      | 750 ||| READING scroll labelled CIOFENT HUTSI.
   751 | D:1      | 751 ||| READING scroll labelled LEFUHUH SAYNUO.
   752 | D:1      | 752 ||| READING scroll labelled EREYZX YRCHIKHLI.
   757 | D:1      | 757 ||| DRINKING 2 lumpy ruby potions.
   758 | D:1      | 758 ||| DRINKING 2 ruby potions.
   863 | D:1      | 863 ||| DROPPING potion of degeneration.
   864 | D:1      | 864 ||| DROPPING potion of berserk rage.
  1033 | D:2      | 1033 ||| Stepping ~*~*~tactically~*~*~ (stealth).
  1046 | D:2      | 1046 ||| DROPPING +0 whip.
  1180 | D:2      | Reached XP level 4. HP: 25/28 MP: 4/4
  1205 | D:2      | 1205 ||| Stepping ~*~*~tactically~*~*~ (stealth).
  1351 | D:2      | Reached skill level 4 in Axes
  1404 | D:2      | 1404 ||| Stepping ~*~*~tactically~*~*~ (stealth).
  1406 | D:2      | 1406 ||| Stepping ~*~*~tactically~*~*~ (stealth).
  1421 | D:2      | Found a faded altar of an unknown god.
  1708 | D:2      | 1708 ||| UPGRADING to +0 helmet.
  1713 | D:2      | 1713 ||| READING scroll labelled VOADIL KEYPS.
  1714 | D:2      | 1714 ||| READING 2 scrolls labelled LUEBISCH CEFA.
  1715 | D:2      | 1715 ||| DROPPING scroll of fear.
  1722 | D:3      | 1722 ||| STAIRDANCE
  1753 | D:3      | 1753 ||| STAIRDANCE
  1807 | D:3      | 1807 ||| STAIRDANCE
  1878 | D:3      | 1878 ||| DROPPING +0 whip of venom.
  1901 | D:3      | Found a transporter.
  1902 | D:3      | Noticed qw's ghost (weakling GrFi)
  1932 | D:3      | Found a transporter.
  1952 | D:3      | 1952 ||| Stepping ~*~*~tactically~*~*~ (stealth).
  1984 | D:3      | Reached XP level 5. HP: 32/32 MP: 5/5
  2148 | D:3      | Reached skill level 5 in Axes
  2153 | D:3      | HP: 8/32 [something (3)]
  2158 | D:3      | HP: 7/32 [something (2)]
  2162 | D:3      | HP: 2/32 [something/puff of flame (5)]
  2172 | D:3      | HP: 2/32 [something (1)]
  2173 | D:3      | Slain by an orc wizard

Levels and vault maps discovered:
D:1:      dpeg_arrival_tiny_k, layout_rooms, serial_shops, nicolae_shop_stone,
          nicolae_diamond_shop, nicolae_shop_waterfront, minmay_misc_feat_rows,
          minmay_misc_feat_cross, st_stairs_8
D:2:      layout_loops_ring, shapermc_ecumenical_altar_mp_ritualfount
D:3:      layout_rooms, gammafunk_ghost_stat_death

Skill      XL: |  1  2  3  4  5 |
---------------+----------------+-----
Axes           | 2 3 4 5 |  5.0
Fighting       | |  3.2
Armour         | |  3.2
Shields        | |  3.2

Action                   |  1- 3 |  4- 6 || total
-------------------------+-------+-------++-------
Melee: War axe           |    56 |    90 ||   146
  Use: Scroll            |     4 |     2 ||     6
       Potion            |     2 |       ||     2
Armor: Scale mail        |    18 |    66 ||    84
Dodge: Dodged            |    32 |    43 ||    75
Block: Buckler           |    10 |    15 ||    25

Table legend:
 A = Non-vault XP
 B = Vault XP
 C = Vault XP percentage of total XP
 D = Non-vault monster count
 E = Vault monster count
 F = Vault count percentage of total count
                 A         B        C        D         E       F
            +---------+---------+-------+---------+---------+-------
      Total |     235 |       3 |   1.3 |      55 |       2 |   3.5
            +---------+---------+-------+---------+---------+-------
        D:1 |      37 |       3 |   7.5 |      20 |       2 |   9.1
        D:2 |     111 |       0 |   0.0 |      21 |       0 |   0.0
        D:3 |      87 |       0 |   0.0 |      14 |       0 |   0.0
            +---------+---------+-------+---------+---------+-------
